Map: Eternal Empire LE

Players

antagomiR

  • Race: Zerg Zerg
  • League: Gold
  • Spawn Location: 7:00

A.I. 1 (Very Easy) - Winner!

  • Race: Protoss Protoss
  • Spawn Location: 1:00

VOD

Have the link to the VOD?

Description

Time

  • Played on: April 1, 2020, 8:33 p.m.
  • Length: 23:46
Show
View Real Time Build Order
Export as new Build Order

antagomiR Zerg 

Build Orders: Pool First 

Get SALT Encoding   

  12  0:45  Spawning Pool  
  11  0:55  Extractor  
  10  1:24  Drone  
  11  1:32  Drone  
  12  2:05  Drone  
  13  2:20  Drone  
  14  2:35  Overlord  
  14  2:42  Overlord  
  14  3:03  Zergling x2  
  14  3:05  Zergling x2  
  16  3:23  Drone  
  16  3:26  Drone  
  18  3:31  Drone  
  19  3:48  Drone  
  20  4:18  Drone  
  20  4:23  Drone  
  22  4:25  Drone  
  23  5:00  Drone  
  23  5:02  Drone  
  25  5:20  Drone  
  26  5:41  Drone  
  27  5:56  Zergling x2  
  28  5:58  Zergling x2  
  29  6:18  Zergling x2  
  29  8:15  Overlord  
  29  8:17  Overlord  
  29  8:18  Overlord  
  29  8:37  Metabolic Boost  
  29  8:51  Overlord  
  29  8:53  Overlord  
  29  9:31  Hatchery  
  28  9:39  Hatchery  
  27  11:16  Roach Warren  
  26  11:24  Overlord  
  26  11:25  Overlord  
  26  11:26  Overlord  
  24  12:01  Drone  
  25  12:09  Overlord  
  25  12:10  Overlord  
  25  12:11  Overlord  
  24  13:00  Roach  
  24  13:05  Zergling x2  
  27  13:21  Roach  
  29  13:39  Roach  
  29  13:40  Roach x2  
  35  15:01  Roach  
  37  15:17  Roach  
  37  15:19  Roach  
  39  17:15  Hatchery  
  32  19:29  Spore Crawler  
  31  19:37  Spore Crawler  
  20  20:11  Spore Crawler  
  19  20:16  Spore Crawler  
  18  20:27  Spore Crawler  
  10  21:07  Spore Crawler  
  7  21:36  Spore Crawler  
  6  21:44  Spore Crawler  
  5  21:50  Spore Crawler  
  4  21:55  Spore Crawler  
  4  21:57  Spore Crawler  
  2  22:18  Drone  
  2  22:19  Drone x2  
  5  22:33  Baneling Nest  
  2  22:37  Drone  
  2  22:42  Drone  
  4  22:56  Spore Crawler  
  2  23:00  Drone  
  3  23:18  Spore Crawler  
  2  23:32  Drone  
Show
View Real Time Build Order
Export as new Build Order

A.I. 1 (Very Easy) Protoss - Winner!

Build Orders:  

Get SALT Encoding   

  12  0:00  Probe  
  13  0:13  Probe  
  14  0:20  Pylon  
  14  0:36  Assimilator  
  14  0:42  Gateway  
  14  0:45  Pylon  
  14  1:16  Assimilator  
  14  1:18  Probe  
  15  1:26  Probe  
  16  1:34  Probe, Cybernetics Core  
  17  1:44  Probe  
  18  1:56  Probe  
  18  2:00  Warp Gate  
  19  2:04  Probe  
  20  2:11  Stalker  
  22  5:18  Zealot  
  22  5:20  Probe  
  25  5:22  Pylon  
  25  5:23  Robotics Facility  
  25  5:28  Probe  
  26  5:36  Probe  
  27  5:46  Probe  
  28  5:53  Pylon  
  28  5:58  Probe  
  29  6:10  Probe, Zealot, Observer  
  33  6:32  Observer  
  34  7:07  Nexus  
  34  7:25  Stalker  
  34  8:18  Probe  
  34  8:25  Probe  
  35  8:29  Assimilator  
  35  8:30  Probe, Assimilator  
  36  8:37  Probe  
  38  8:48  Probe  
  39  8:55  Probe  
  40  9:03  Probe  
  41  9:10  Probe  
  41  9:15  Probe  
  42  9:23  Probe  
  43  9:27  Probe  
  44  9:34  Probe  
  46  9:45  Probe  
  47  9:53  Probe  
  48  10:31  Warp Prism  
  48  10:37  Stalker  
  48  10:39  Gateway  
  48  10:41  Robotics Bay  
  52  10:44  Stargate  
  52  10:47  Pylon  
  52  10:58  Warp Prism  
  52  11:04  Sentry  
  56  11:21  Gravitic Boosters  
  56  11:29  Gateway  
  56  11:30  Observer  
  55  12:04  Gravitic Drive  
  55  13:31  Zealot  
  53  13:57  Stalker  
  55  14:11  Nexus  
  55  14:28  Void Ray  
  55  14:40  Pylon  
  59  14:57  Zealot  
  61  15:07  Void Ray  
  57  15:35  Assimilator  
  57  15:36  Zealot  
  57  15:37  Assimilator  
  59  15:55  Stalker  
  61  18:20  Void Ray  
  65  18:39  Stargate  
  65  18:55  Phoenix  
  61  19:27  Stargate  
  61  20:30  Void Ray  
  61  21:27  Nexus  
  61  22:31  Zealot  
  63  22:48  Stalker  
  65  22:52  Assimilator  
  65  22:55  Assimilator  
  65  23:06  Zealot  
  67  23:23  Stalker  
  69  23:40  Sentry  
Tags
 
League
Gold
Matchup
PvZ
Opening
Pool First
Replay Pack
20200422
Spawn Locations
Cross Positions
Add a new tag
Caveats
  • Supply blocks, unpowered buildings, or Contaminate may cause inaccurate times.
  • Supply counts are checked every 10 seconds.